 Dungeon Crawl Stone Soup version 0.29.1-15-g9cfb28693d (webtiles) character file.

Game seed: 10551614254214091674

4 monsoonserge the Trooper (level 1, -3/19 HPs)
             Began as a Palentonga Abyssal Knight on Apr 28, 2023.
             Was a Believer of Lugonu.
             Slain by a gnoll
             ... wielding a +0 club
              (4 damage)
             ... on level 1 of the Dungeon.
             The game lasted 00:01:12 (59 turns).

monsoonserge the Trooper (Palentonga Abyssal Knight)  Turns: 59, Time: 00:01:14

Health: -3/19      AC:  4    Str: 18    XL:     1   Next: 58%
Magic:  2/2        EV:  9    Int: 10    God:    Lugonu [**....]
Gold:   0          SH:  0    Dex: 10    Spells: 0/0 levels left

rFire   . . .      SeeInvis +   a - +1 hand axe
rCold   . . .      Faith    .   (no shield)
rNeg    . . .      Spirit   .   b - +0 leather armour
rPois   .          Reflect  .   (no helmet)
rElec   .          Harm     .   (no cloak)
rCorr   .          Rampage  .   (no gloves)
Will    .....                   (no barding)
Stlth   +.........              (no amulet)
HPRegen 0.06/turn               (no ring)
MPRegen 0.08/turn               (no ring)

@: no status effects
A: large, rugged brown scales 3, see invisible, deformed body, roll 1, armoured
tail
a: Rolling Charge, Renounce Religion, Depart the Abyss, Bend Space


You were on level 1 of the Dungeon.
You worshipped Lugonu.
Lugonu was pleased with you.
You visited 1 branch of the dungeon, and saw 1 of its levels.
You visited the Abyss 1 time.

Inventory:

Hand Weapons
 a - a +1 hand axe (weapon)
Armour
 b - a +0 leather armour (worn)
Scrolls
 c - a scroll of magic mapping {unknown}


   Skills:
 + Level 3.0 Fighting
 + Level 2.2 Axes
 + Level 1.7 Armour
 + Level 0.7 Dodging
 * Level 2.0 Invocations


You couldn't memorise any spells.
You didn't know any spells.
Your spell library was empty.

Dungeon Overview and Level Annotations

Branches:
Dungeon (1/15)

Altars:


Innate Abilities, Weirdness & Mutations

You are completely covered in rugged brown scales. (AC +3, +7% HP)
You have supernaturally acute eyesight. (SInv)
Armour fits poorly on your strangely shaped body.
You can roll at nearby foes to attack.
You have a long armoured tail.


Message History

You kill the frilled lizard!
Lugonu accepts your kill. The hobgoblin hits you.
You slash the hobgoblin!
You kill the hobgoblin!
Lugonu accepts your kill.
Roll where?
Press: ? - help, Dir - move target, f - kobold
Aim: a kobold, wielding a +0 short sword You roll forward with a clatter of scales!
You slash the kobold!
You kill the kobold!
Lugonu accepts your kill.
You hit the gnoll but do no damage. The gnoll hits you with a +0 club.
You slash the gnoll!
The gnoll is heavily wounded.
You closely miss the ball python. The gnoll hits you with a +0 club.
The ball python barely misses you. The gnoll closely misses you.
You barely miss the gnoll. You tail-slap the gnoll.
The gnoll is almost dead.
You hit the ball python.
You kill the ball python!
Lugonu accepts your kill. The gnoll hits you with a +0 club.
You hit the gnoll but do no damage.
The gnoll is almost dead.
The gnoll misses you.
You hit the gnoll but do no damage.
The gnoll is almost dead.
The gnoll barely misses you.
You barely miss the gnoll.
Your tail-slap misses the gnoll.
The gnoll is almost dead.
The gnoll hits you but does no damage.
You closely miss the gnoll.
You tail-slap the gnoll, but do no damage.
The gnoll is almost dead.
The gnoll hits you with a +0 club.
* * * LOW HITPOINT WARNING * * *
The gnoll hits you with a +0 club.
You die...

##.##.##. #........
######........ #
....... .... .#
#..#.###.###..##
#####.#.#..........
#..........†g.....#
#.##.......@)......
#.##..#.....#......
#.#..###...## ..#.#
######.#.## #...#. .#
#........###.....# #.#
#.#####...##.....##..#
......###............#
......# #.....#.....
......###....###..


You could see a gnoll.

Vanquished Creatures
  A ball python (D:1)
  A hobgoblin (D:1)
  A bat (D:1)
  A frilled lizard (D:1)
  A kobold (D:1)
5 creatures vanquished.

Notes
Turn   | Place    | Note
-------+----------+-------------------------------------------
     0 | Abyss:1  | monsoonserge the Palentonga Abyssal Knight began the quest
                  | for the Orb.
     0 | Abyss:1  | Reached XP level 1. HP: 19/19 MP: 2/2
     5 | D:1      | Escaped the Abyss
    59 | D:1      | Slain by a gnoll

Illustrated notes

Levels and vault maps discovered:
D:1:      erik_arrival_blinker_ship, layout_basic, serial_shops,
          nicolae_shop_statue_plus

Action                   || total
-------------------------++-------
Melee: Hand axe          ||    15
       Tailslap          ||     2
 Abil: Rolling Charge    ||     3
Armor: Leather armour    ||     7
Dodge: Dodged            ||     5
